 Dungeon Crawl Stone Soup version 0.22-b1-26-g9dbaab1 (webtiles) character file.

1698 Doobh the Covert (level 9, 0/49 HPs)
             Began as a Kobold Assassin on Aug 7, 2018.
             Was a Follower of Dithmenos.
             Slain by an orc warrior
             ... wielding a +0 trident
              (14 damage)
             ... on level 6 of the Dungeon.
             The game lasted 00:28:11 (7023 turns).

Doobh the Covert (Kobold Assassin)                  Turns: 7023, Time: 00:28:12

Health: 0/49       AC:  5    Str:  9    XL:     9   Next: 23%
Magic:  9/9        EV: 19    Int: 12    God:    Dithmenos [*.....]
Gold:   205        SH:  0    Dex: 19    Spells: 8/8 levels left

rFire    . . .     SeeInvis .   a - +3 dagger
rCold    + . .     Gourm    .   (shield restricted)
rNeg     . . .     Faith    .   i - +2 robe {rC+}
rPois    .         Spirit   .   (no helmet)
rElec    .         Reflect  .   d - +0 cloak
rCorr    .         Harm     .   (no gloves)
MR       .....                  (no boots)
Stlth    +++++.....             (no amulet)
HPRegen  0.16/turn              (no ring)
MPRegen  0.11/turn              (no ring)

@: wreathed by umbra
A: small, carnivore, frail 1, sense surroundings 1, wild magic 1, evolution 1,
sturdy frame 1
a: Renounce Religion


You were on level 6 of the Dungeon.
You worshipped Dithmenos.
Dithmenos was aware of your devotion.
You were completely stuffed.

You visited 2 branches of the dungeon, and saw 7 of its levels.

You collected 205 gold pieces.

Inventory:

Hand Weapons
 a - a +3 dagger (weapon)
 b - a +0 blowgun
Missiles
 e - 27 poisoned needles
 f - a curare-tipped needle
Armour
 d - a +0 cloak (worn)
 i - a +2 robe of cold resistance (worn)
 q - a +0 robe of the Archmagi
Jewellery
 h - an uncursed ring of see invisible {unknown}
Wands
 k - a wand of iceblast (12)
 s - a wand of disintegration (7)
 t - a wand of digging (16)
Scrolls
 j - 4 scrolls of remove curse
 l - a scroll of immolation {unknown}
 o - a scroll of noise {unknown}
 r - 3 scrolls of identify
 u - 2 scrolls of fear
Potions
 c - a potion of curing
 m - a potion of resistance
 p - a potion of flight
Comestibles
 g - 9 rations
 n - 4 chunks of flesh


   Skills:
 + Level 5.8 Fighting
 + Level 6.9 Short Blades
 + Level 5.7 Throwing
 + Level 5.8 Dodging
 + Level 9.2 Stealth


You had 8 spell levels left.
You didn't know any spells.
Your spell library contained the following spells:

 Spells                   Type           Power        Failure   Level  Hunger
 Animate Dead             Necr           N/A          98%         4    #####..
 Pain                     Necr           #...         41%         1    ##.....
 Animate Skeleton         Necr           N/A          41%         1    ##.....
 Vampiric Draining        Necr           #.........   77%         3    ####...
 Regeneration             Chrm/Necr      #.........   77%         3    ####...


Dungeon Overview and Level Annotations

Branches:
Dungeon (6/15)             Temple (1/1) D:4

Altars:
Ashenzari
Dithmenos
Elyvilon
Fedhas
Gozag
Hepliaklqana
Kikubaaqudgha
Makhleb
Nemelex Xobeh
Qazlal
Ru
Sif Muna
Uskayaw
Vehumet
Wu Jian
Xom
Yredelemnul
Zin
The Shining One


Innate Abilities, Weirdness & Mutations

You are small and have problems with some larger weapons.
You are carnivorous and can eat meat at any time.
You are frail. (-10% HP)
You passively map a small area around you.
Your spells are a little harder to cast, but a little more powerful.
You evolve.
Your movements are slightly less encumbered by armour. (ER -2)


Message History

The orc warrior misses you.
You barely miss the orc wizard.
The orc wizard is almost dead.
The orc wizard looks encouraged for a moment.
You hit the orc wizard.
You kill the orc wizard!
Dithmenos accepts your kill.
The orc warrior hits you from afar with a trident!
* * * LOW HITPOINT WARNING * * *
The orc wizard mumbles some strange words.
The orc wizard blinks!
The orc wizard hits you with a dagger.
* * * LOW HITPOINT WARNING * * *
The orc wizard misses you.
The orc wizard points at you and mumbles some strange words.
You easily resist.
The orc warrior completely misses you.
You see here a flail.
The orc warrior hits you from afar with a trident!
You die...

###### #...#.* ..#..#
#.#...####### #........@.#
####.....#.# ##....#..o#.# #####
, , #.#....#..#.#####...###
#..#....#.#..#....#...## ,
,#...#o...###...#####...#### ,
#.....#### ##.##<.##...##.<
#...#....##....#...#...#...
......#..#....#.#..#.##.'#...#..#


You could see an orc warrior.

Vanquished Creatures
  Prince Ribbit (D:5)
  Sigmund (D:3)
  An ice beast (D:5)
  2 phantoms (D:5)
  A centaur (D:6)
  2 ogres
  A bullfrog (D:6)
  A scorpion (D:5)
  A water moccasin skeleton (D:4)
  2 crimson imps (D:5)
  2 bullfrog zombies (D:5)
  A hound (D:4)
  An iguana (D:3)
  6 orc wizards
  3 worker ants
  6 gnolls
  4 adders
  A shadow imp (D:6)
  2 oozes
  An adder skeleton (D:6)
  5 worms
  A dart slug (D:1)
  7 leopard geckos
  19 orcs
  2 ball pythons
  3 giant cockroaches
  7 goblins
  9 hobgoblins
  8 jackals
  4 kobolds
  3 quokkas
  6 bats
  3 frilled lizards
  A giant cockroach zombie (D:5)
  A leopard gecko skeleton (D:4)
  A leopard gecko zombie (D:5)
  7 rats
127 creatures vanquished.

Notes
Turn   | Place    | Note
-------+----------+-------------------------------------------
     0 | D:1      | Doobh the Kobold Assassin began the quest for the Orb.
     0 | D:1      | Reached XP level 1. HP: 12/12 MP: 1/1
   111 | D:1      | Reached XP level 2. HP: 18/18 MP: 2/2
   232 | D:1      | Reached skill level 6 in Stealth
   681 | D:2      | Reached XP level 3. HP: 22/22 MP: 3/3
   959 | D:2      | Found a glowing golden altar of the Shining One.
  1013 | D:2      | Reached XP level 4. HP: 25/27 MP: 4/4
  1127 | D:2      | Found a hide-covered altar of Uskayaw.
  1700 | D:3      | Reached XP level 5. HP: 15/32 MP: 5/5
  1703 | D:3      | Noticed Sigmund
  1738 | D:3      | Killed Sigmund
  1738 | D:3      | Reached skill level 7 in Stealth
  1738 | D:3      | Reached XP level 6. HP: 28/38 MP: 6/6
  2511 | D:4      | Noticed an ogre
  2530 | D:4      | Killed an ogre
  2530 | D:4      | Reached XP level 7. HP: 42/42 MP: 7/7
  2618 | D:4      | Found a staircase to the Ecumenical Temple.
  2624 | Temple   | Entered the Ecumenical Temple
  2663 | Temple   | Became a worshipper of Dithmenos the Shadowed
  3746 | D:4      | Gained mutation: You evolve. [potion of mutation]
  3746 | D:4      | Gained mutation: You are frail. (-10% HP) [potion of mutation]
  3746 | D:4      | Gained mutation: Your spells are a little harder to cast, but a little more powerful. [potion of mutation]
  3904 | D:4      | Reached skill level 5 in Short Blades
  4124 | D:5      | Entered Level 5 of the Dungeon
  4169 | D:5      | Gained mutation: You passively map a small area around you. [evolution]
  4442 | D:5      | Reached skill level 8 in Stealth
  4442 | D:5      | Reached XP level 8. HP: 38/43 MP: 8/8
  4850 | D:5      | HP: 1/43 [orc wizard/magic dart (6)]
  4856 | D:5      | Reached * piety under Dithmenos
  4856 | D:5      | Reached skill level 5 in Fighting
  5198 | D:5      | Noticed Prince Ribbit
  5274 | D:5      | Killed Prince Ribbit
  5274 | D:5      | Reached skill level 5 in Throwing
  5274 | D:5      | Reached skill level 5 in Dodging
  5480 | D:5      | Gained mutation: Your movements are slightly less encumbered by armour. (ER -2) [evolution]
  5723 | D:5      | Reached skill level 9 in Stealth
  5723 | D:5      | Reached XP level 9. HP: 34/48 MP: 9/9
  6925 | D:6      | Found a radiant altar of Vehumet.
  6928 | D:6      | Found an ancient bone altar of Kikubaaqudgha.
  6931 | D:6      | Found a burning altar of Makhleb.
  7023 | D:6      | Slain by an orc warrior

Skill      XL: |  1  2  3  4  5  6  7  8 |
---------------+-------------------------+-----
Stealth        | 6 7 8 9 |  9.2
Short Blades   | 3 4 5 6 |  6.9
Dodging        | 2 3 4 5 |  5.8
Fighting       | 3 4 5 |  5.8
Throwing       | 3 4 5 |  5.7

Action                   |  1- 3 |  4- 6 |  7- 9 || total
-------------------------+-------+-------+-------++-------
Melee: Dagger            |    72 |   101 |   624 ||   797
 Fire: Blowgun           |    14 |    19 |     9 ||    42
Evoke: Wand              |       |       |     4 ||     4
  Use: Scroll            |       |     6 |     2 ||     8
       Potion            |       |     6 |     8 ||    14
 Stab: Sleeping          |    15 |     6 |    15 ||    36
       Distracted        |       |     1 |     1 ||     2
  Eat: Chunk             |     9 |     4 |    15 ||    28
Armor: Robe              |     8 |    14 |    40 ||    62
       Skin              |       |       |    13 ||    13
Dodge: Dodged            |    28 |    52 |   369 ||   449
